 Dungeon Sprint DCSS version 0.17-a0-764-gd40c196 (webtiles) character file.

10900000 namelastname112 the Conqueror (level 27, -43/323 HPs)
             Began as a Demonspawn Monk on Apr 23, 2015.
             Was the Champion of Makhleb.
             Annihilated by The Servant
             ... wielding a +9 glaive of flaming
              (113 damage)
             ... in the Dungeon (Sprint VIII: "Arena of Blood").
             The game lasted 00:03:00 (109 turns).

namelastname112 the Conqueror (Demonspawn Monk)      Turns: 109, Time: 00:03:00

Health: -43/323    AC:  8    Str: 18      XL:     27
Magic:  54/54      EV: 46    Int:  8 (13) God:    Makhleb [******]
Gold:   0          SH:  0    Dex: 31      Spells: 0 memorised, 80 levels left

rFire  . . .     SeeInvis +     i - +∞ Axe of Woe
rCold  . . .     Clarity  .     a - +0 robe
rNeg   . . .     SustAb   .     (no shield)
rPois  .         Gourm    .     (no helmet)
rElec  .         Spirit   .     (no cloak)
rCorr  +         Warding  .     (no gloves)
rMut   .         NoTele   +     (boots unavailable)
MR     ++...                    (no amulet)
Stlth  ++++++++++               (no ring)
                                j - ring of see invisible

@: mighty, agile, very resistant to hostile enchantments, uncannily stealthy
A: talons 3, yellow scales 3, powered by death 3, powered by pain 3, robust 3
a: Minor Destruction, Lesser Servant of Makhleb, Major Destruction, Greater
Servant of Makhleb, Renounce Religion


You were in the Dungeon.
You worshipped Makhleb.
Makhleb was exalted by your worship.
You were not hungry.

You visited 1 branch

Inventory:

Hand weapons
 i - the +∞ Axe of Woe (weapon)
   (You found it in the Dungeon)
Armour
 a - a +0 robe (worn)
Jewellery
 j - a ring of see invisible (left hand)
Scrolls
 h - a scroll of blinking
Potions
 c - a potion of curing
 d - a potion of heal wounds
 e - a potion of haste
 f - 2 potions of magic
 g - a potion of berserk rage
Comestibles
 b - a bread ration


   Skills:
 O Level 27 Fighting
 O Level 27 Axes
 O Level 27 Throwing
 O Level 27 Armour
 O Level 27 Dodging
 O Level 27 Stealth
 O Level 27 Unarmed Combat
 O Level 27 Spellcasting
 O Level 27 Invocations


You had 80 spell levels left.
You didn't know any spells.

Dungeon Overview and Level Annotations

Branches:
Dungeon (1/1)

Altars:
Makhleb

Annotations:
D The Servant


Innate Abilities, Weirdness & Mutations

You have claws for feet.
You are completely covered in yellow scales (AC +4, rCorr).
You can steal the life force of all defeated enemies in sight.
You are powered by pain.
You are extremely robust (+30% HP).


Message History

You hit the large abomination but do no damage.
You chop the large abomination into pieces.
You destroy the large abomination!
The large abomination disappears in a puff of smoke!
You hear a shout! x5
Unknown command.
Use which ability? (? or * to list)
Press: ? - help, Shift-Dir - straight line, f - bag of meat
Aim: a bag of meat, wielding a +9 war axe and wearing a +30 ring of slaying (almost dead)
You hear a mighty clap of thunder!
The bolt of lightning misses the bag of meat.
You feel somewhat more hungry.
You hear a shout! x4
The scourge appears out of thin air!
A scourge comes into view.
The scourge appears out of thin air!
A scourge comes into view.
You hear a shout!
The Servant hits you from afar with a +9 glaive of flaming!!!!
You die...

#.# #........)%....##...
..#.#.....#...).%..#....
.D............)....#...
.. #.......##.#D....%....
...##........W..)........
#......####S.§.#.....###
#..))))Do.G.........#.
####))))S@)))))........
####@)).MW.........#
#################


You could see an accursed, The Servant, 2 eight-headed meat hydras, an observer
(invisible), 2 scourges, a wretched soul (invisible), a dread and a bag of meat.

Vanquished Creatures
  7 hell beasts (D)
  3 greater mummies (D)
  3 wraiths (D)
  11 vampire knights (D)
  22 ogres (D)
  A lich (D)
  A hydra (D)
  32 orcs (D)
  A phantom (D)
  3 hill giants (D)
  A skeletal warrior (D)
  3 large abominations (D)
  3 tentacled monstrosities (D)
  A reaper (D)
  2 small abominations (D)
  3 crawling corpses (D)
97 creatures vanquished.

Vanquished Creatures (others)
  3 crawling corpses (D)
3 creatures vanquished.

Grand Total: 100 creatures vanquished

Notes
Turn   | Place    | Note
--------------------------------------------------------------
     0 | D        | namelastname112, the Demonspawn Monk, began the quest for the Orb.
     0 | D        | Reached XP level 1. HP: 18/18 MP: 1/1
     3 | D        | Noticed a bag of meat
     3 | D        | Noticed a meat berserker
     4 | D        | Became a worshipper of Makhleb the Destroyer
     4 | D        | Acquired Makhleb's first power
     4 | D        | Acquired Makhleb's second power
     7 | D        | Noticed a bag of meat
     7 | D        | Noticed a bag of meat
     7 | D        | Noticed a bag of meat
     8 | D        | Noticed a bag of meat
     8 | D        | Noticed a bag of meat
     8 | D        | Noticed a bag of meat
     8 | D        | Noticed a bag of meat
     8 | D        | Noticed a bag of meat
     9 | D        | Noticed a bag of meat
     9 | D        | Killed a meat berserker
     9 | D        | Reached skill level 18 in Fighting
     9 | D        | Gained mutation: You are partially covered in yellow scales (AC +2). [demonic ancestry]
     9 | D        | Reached XP level 2. HP: 21/48 MP: 2/2
     9 | D        | Reached XP level 3. HP: 23/54 MP: 3/3
     9 | D        | Gained mutation: You can steal the life force of nearby defeated enemies. [demonic ancestry]
     9 | D        | Reached XP level 4. HP: 26/62 MP: 4/4
     9 | D        | Gained mutation: You have sharp toenails. [demonic ancestry]
     9 | D        | Reached XP level 5. HP: 28/68 MP: 5/5
     9 | D        | Reached XP level 6. HP: 30/75 MP: 6/6
     9 | D        | Reached XP level 7. HP: 32/82 MP: 7/7
     9 | D        | Gained mutation: You sometimes gain a little power by taking damage. [demonic ancestry]
     9 | D        | Reached XP level 8. HP: 34/89 MP: 8/8
     9 | D        | Gained mutation: You are mostly covered in yellow scales (AC +3). [demonic ancestry]
     9 | D        | Reached XP level 9. HP: 36/95 MP: 9/9
     9 | D        | Gained mutation: You are completely covered in yellow scales (AC +4, rCorr). [demonic ancestry]
     9 | D        | Reached XP level 10. HP: 38/102 MP: 10/10
     9 | D        | Reached XP level 11. HP: 40/109 MP: 11/11
     9 | D        | Gained mutation: You sometimes gain power by taking damage. [demonic ancestry]
     9 | D        | Reached XP level 12. HP: 42/116 MP: 12/12
     9 | D        | Gained mutation: You are robust (+10% HP). [demonic ancestry]
     9 | D        | Reached XP level 13. HP: 42/134 MP: 13/13
    10 | D        | Noticed a bag of meat
    10 | D        | Noticed a large bag of meat
    10 | D        | Noticed a bag of meat
    10 | D        | Noticed a bag of meat
    10 | D        | Killed a bag of meat
    10 | D        | Reached skill level 19 in Fighting
    10 | D        | Killed a bag of meat
    10 | D        | Acquired Makhleb's third power
    10 | D        | Reached skill level 20 in Fighting
    10 | D        | Reached skill level 10 in Stealth
    10 | D        | Gained mutation: You have razor-sharp toenails. [demonic ancestry]
    10 | D        | Reached XP level 14. HP: 145/149 MP: 14/14
    11 | D        | Noticed a meat berserker
    11 | D        | Noticed a bag of meat
    11 | D        | Noticed a meat berserker
    11 | D        | Killed a bag of meat
    11 | D        | Reached skill level 21 in Fighting
    11 | D        | Killed a bag of meat
    11 | D        | Acquired Makhleb's fourth power
    11 | D        | Reached skill level 22 in Fighting
    11 | D        | Gained mutation: You have claws for feet. [demonic ancestry]
    11 | D        | Reached XP level 15. HP: 158/162 MP: 15/15
    12 | D        | Killed a bag of meat
    12 | D        | Reached skill level 23 in Fighting
    13 | D        | Noticed a bag of meat
    13 | D        | Noticed a meat berserker
    13 | D        | Killed a bag of meat
    13 | D        | Reached skill level 24 in Fighting
    13 | D        | Killed a bag of meat
    13 | D        | Reached skill level 25 in Fighting
    13 | D        | Gained mutation: You are very robust (+20% HP). [demonic ancestry]
    13 | D        | Reached XP level 16. HP: 168/196 MP: 16/16
    13 | D        | Killed a bag of meat
    13 | D        | Acquired Makhleb's fifth power
    13 | D        | Reached skill level 26 in Fighting
    14 | D        | Killed a bag of meat
    14 | D        | Reached skill level 27 in Fighting
    15 | D        | Killed a meat berserker
    15 | D        | Reached skill level 27 in Axes
    15 | D        | Reached skill level 27 in Dodging
    15 | D        | Reached XP level 17. HP: 208/208 MP: 17/17
    16 | D        | Noticed a bag of meat
    16 | D        | Killed a meat berserker
    16 | D        | Killed a bag of meat
    16 | D        | Reached XP level 18. HP: 218/218 MP: 18/18
    16 | D        | Killed a bag of meat
    16 | D        | Reached skill level 27 in Stealth
    17 | D        | Killed a bag of meat
    17 | D        | Killed a large bag of meat
    17 | D        | Killed a bag of meat
    17 | D        | Reached skill level 15 in Invocations
    18 | D        | Noticed a meat berserker
    18 | D        | Noticed a meat berserker
    18 | D        | Noticed a bag of meat
    18 | D        | Killed a meat berserker
    18 | D        | Reached XP level 19. HP: 226/226 MP: 18/37
    19 | D        | Noticed a meat berserker
    19 | D        | Noticed a destroyer
    21 | D        | Noticed a meat berserker
    21 | D        | Killed a meat berserker
    21 | D        | Noticed a bag of meat
    22 | D        | Killed a bag of meat
    23 | D        | Noticed a bag of meat
    23 | D        | Noticed a destroyer
    23 | D        | Killed a meat berserker
    23 | D        | Reached XP level 20. HP: 236/236 MP: 27/43
    23 | D        | Killed a meat berserker
    23 | D        | Reached skill level 27 in Invocations
    23 | D        | Noticed a destroyer
    24 | D        | Noticed a bag of meat
    24 | D        | Killed a destroyer
    24 | D        | Reached XP level 21. HP: 244/244 MP: 27/48
    25 | D        | Killed a meat berserker
    25 | D        | Killed a bag of meat
    26 | D        | Noticed a large bag of meat
    27 | D        | Noticed a destroyer
    27 | D        | Killed a destroyer
    27 | D        | Reached skill level 27 in Throwing
    27 | D        | Reached skill level 27 in Armour
    27 | D        | Reached skill level 27 in Spellcasting
    27 | D        | Killed a bag of meat
    27 | D        | Gained mutation: You can steal the life force of defeated enemies. [demonic ancestry]
    27 | D        | Reached XP level 22. HP: 254/254 MP: 28/53
    28 | D        | Noticed a meat berserker
    28 | D        | Killed a destroyer
    28 | D        | Killed a bag of meat
    29 | D        | Noticed a destroyer
    30 | D        | Killed a destroyer
    30 | D        | Reached skill level 27 in Unarmed Combat
    32 | D        | Noticed a bag of meat
    33 | D        | Killed a destroyer
    33 | D        | Gained mutation: You are powered by pain. [demonic ancestry]
    33 | D        | Reached XP level 23. HP: 95/262 MP: 40/54
    34 | D        | Noticed a bag of meat
    34 | D        | Killed a bag of meat
    35 | D        | Killed a meat berserker
    35 | D        | Killed a bag of meat
    36 | D        | Noticed a large bag of meat
    36 | D        | Noticed a destroyer
    37 | D        | Noticed a destroyer
    38 | D        | Killed a bag of meat
    40 | D        | Noticed a bag of meat
    41 | D        | Killed a destroyer
    41 | D        | Reached XP level 24. HP: 272/272 MP: 43/54
    44 | D        | Noticed a destroyer
    45 | D        | Noticed an accursed
    47 | D        | Noticed an accursed
    47 | D        | Killed an accursed
    48 | D        | Noticed a meat berserker
    50 | D        | Killed a large bag of meat
    50 | D        | Killed a destroyer
    50 | D        | Gained mutation: You can steal the life force of all defeated enemies in sight. [demonic ancestry]
    50 | D        | Reached XP level 25. HP: 280/280 MP: 54/54
    50 | D        | Killed a bag of meat
    51 | D        | Killed a bag of meat
    52 | D        | Noticed a meat berserker
    52 | D        | Noticed a destroyer
    54 | D        | Noticed a meat berserker
    54 | D        | Noticed an accursed
    56 | D        | Killed a meat berserker
    57 | D        | Noticed a bag of meat
    57 | D        | Killed a meat berserker
    57 | D        | Killed a destroyer
    57 | D        | Gained mutation: You are extremely robust (+30% HP). [demonic ancestry]
    57 | D        | Reached XP level 26. HP: 280/314 MP: 54/54
    58 | D        | Killed a destroyer
    58 | D        | Killed a meat berserker
    59 | D        | Noticed a meat berserker
    60 | D        | Noticed a destroyer
    61 | D        | Noticed a bag of meat
    61 | D        | Noticed a meat beast
    62 | D        | Killed a meat beast
    62 | D        | Reached XP level 27. HP: 305/323 MP: 54/54
    63 | D        | Noticed a meat beast
    64 | D        | Noticed a meat berserker
    64 | D        | Killed a meat berserker
    64 | D        | Killed a destroyer
    65 | D        | Noticed a destroyer
    65 | D        | Noticed a bag of meat
    65 | D        | Noticed a bag of meat
    67 | D        | Killed a meat berserker
    67 | D        | Killed a meat beast
    67 | D        | Killed a bag of meat
    68 | D        | Noticed a meat beast
    68 | D        | Killed an accursed
    69 | D        | Noticed a dread
    70 | D        | Noticed a dread
    70 | D        | Killed a bag of meat
    71 | D        | Noticed a bag of meat
    71 | D        | Noticed a meat berserker
    71 | D        | Killed a bag of meat
    73 | D        | Noticed a bag of meat
    73 | D        | Noticed a meat berserker
    73 | D        | Killed a meat beast
    74 | D        | Killed a meat berserker
    74 | D        | Killed a bag of meat
    75 | D        | Killed a meat berserker
    77 | D        | Killed a destroyer
    79 | D        | Killed a dread
    80 | D        | Noticed a meat berserker
    80 | D        | Killed a bag of meat
    82 | D        | Noticed a large bag of meat
    82 | D        | Noticed a wretched soul
    82 | D        | Killed a dread
    82 | D        | Killed an accursed
    83 | D        | Noticed a bag of meat
    83 | D        | Noticed a meat beast
    83 | D        | Noticed a bag of meat
    84 | D        | Killed a meat berserker
    85 | D        | Noticed a meat berserker
    85 | D        | Killed a bag of meat
    86 | D        | Noticed a dread
    87 | D        | Killed a meat beast
    88 | D        | Killed a large bag of meat
    90 | D        | Killed a meat berserker
    90 | D        | Killed a bag of meat
    92 | D        | Noticed a meat berserker
    92 | D        | Killed a wretched soul
    92 | D        | Killed a bag of meat
    92 | D        | Killed a bag of meat
    94 | D        | Noticed a meat berserker
    94 | D        | Noticed a meat beast
    95 | D        | Noticed a bag of meat
    96 | D        | Noticed a sculptor of flesh
    96 | D        | Noticed a tyrant
    96 | D        | Noticed a meat beast
    96 | D        | Killed a meat berserker
    98 | D        | Noticed a meat berserker
    98 | D        | Killed a meat berserker
    99 | D        | Noticed The Servant
    99 | D        | Killed a meat beast
    99 | D        | Killed a meat beast
   100 | D        | Noticed a meat beast
   100 | D        | Killed a sculptor of flesh
   102 | D        | Noticed an accursed
   103 | D        | Noticed a meat berserker
   103 | D        | Killed a meat berserker
   103 | D        | Killed a bag of meat
   103 | D        | Killed a dread
   104 | D        | Killed a meat beast
   105 | D        | Noticed an observer
   106 | D        | Noticed a wretched soul
   106 | D        | Killed a meat berserker
   107 | D        | Noticed a bag of meat
   107 | D        | Noticed a dread
   108 | D        | Killed a tyrant
   109 | D        | Annihilated by The Servant

Action                   |  1- 3 |  4- 6 |  7- 9 | 10-12 | 13-15 | 16-18 | 19-21 | 22-24 | 25-27 || total
-------------------------+-------+-------+-------+-------+-------+-------+-------+-------+-------++-------
Melee: Executioner's axe |     1 |       |       |       |     4 |     5 |     6 |     9 |    34 ||    59
Invok: Major Destruction |       |       |       |       |       |       |       |       |     1 ||     1
 Stab: Distracted        |       |       |       |       |       |       |       |     1 |       ||     1
